 Dungeon Crawl Stone Soup version 0.30.1-11-g7821555f0a (webtiles) character file.

Game seed: 11308895150321959459

123 lonewolfV2 the Trooper (level 4, -2/45 HPs)
             Began as a Minotaur Fighter on Nov 9, 2023.
             Slain by a worm (3 damage)
             ... on level 3 of the Dungeon.
             The game lasted 00:02:16 (1537 turns).

lonewolfV2 the Trooper (Minotaur Fighter)           Turns: 1537, Time: 00:02:17

Health: -2/45      AC:  9    Str: 20    XL:     4   Next: 80%
Magic:  3/3        EV:  9    Int:  5    God:
Gold:   151        SH:  5    Dex: 12    Spells: 3/3 levels left

rFire   . . .        a - +0 war axe
rCold   . . .        c - +1 buckler
rNeg    . . .        b - +0 scale mail
rPois   .            (helmet restricted)
rElec   .            j - +1 cloak
rCorr   .            (no gloves)
SInv    .            (no boots)
Will    .....        (no amulet) Stlth
                     (no ring)
HPRegen 0.27/turn    (no ring)
MPRegen 0.08/turn

%: no passive effects
@: invisible
A: horns 2, retaliatory headbutt
a: no special abilities


You were on level 3 of the Dungeon.
You visited 1 branch of the dungeon, and saw 3 of its levels.

You collected 151 gold pieces.

Inventory:

Hand Weapons
 a - a +0 war axe (weapon)
Armour
 b - a +0 scale mail (worn)
 c - a +1 buckler (worn)
 j - a +1 cloak (worn)
Scrolls
 h - a scroll of blinking
 i - a scroll of magic mapping
Potions
 d - 2 potions of might
 f - 2 potions of lignification


   Skills:
 + Level 6.7 Fighting
 - Level 2.4 Axes
 - Level 3.6 Armour
 - Level 3.6 Shields


You had 3 spell levels left.
You didn't know any spells.
Your spell library contained the following spells:

 Spells                   Type           Power      Damage    Failure   Level
 Blink                    Tloc           0%         N/A       95%         2
 Lesser Beckoning         Tloc           0%         N/A       95%         2
 Momentum Strike          Conj/Tloc      0%         3d8       95%         2


Dungeon Overview and Level Annotations

Branches:
Dungeon (3/15)

Altars:
Yredelemnul


Innate Abilities, Weirdness & Mutations

You have a pair of horns on your head.
You reflexively headbutt those who attack you in melee.


Message History

A magic dart appears from out of thin air!
The magic dart hits you. The worm bites you. Something hits you.
You bump into the rock wall.
An orc wizard appears from thin air!
Reactivating autopickup.
The orc wizard gestures at you while chanting.
You resist with some effort. The worm bites you.
You miss the orc wizard.
The orc wizard is heavily wounded.
You closely miss the worm. The orc wizard casts a spell at you.
You are more confused.
You miss the orc wizard. Your headbutt misses the orc wizard.
The orc wizard is heavily wounded.
You slash the worm!
The orc wizard hits you but does no damage.
The worm bites you.
* * * LOW HITPOINT WARNING * * *
The orc wizard hits you but does no damage.
The orc wizard hits you with a +0 dagger.
* * * LOW HITPOINT WARNING * * *
You barely miss the orc wizard.
The orc wizard is heavily wounded.
You barely miss the worm. The orc wizard barely misses you.
The orc wizard attacks as you move away!
The orc wizard hits you with a +0 dagger.
* * * LOW HITPOINT WARNING * * *
The orc wizard attacks as you move away!
The orc wizard barely misses you.
You feel less confused.
It was a potion of invisibility.
You fade into invisibility!
You block the orc wizard's attack.
You closely miss the orc wizard.
The orc wizard is heavily wounded.
You slash the worm! You block the orc wizard's attack. The worm bites you.
* * * LOW HITPOINT WARNING * * *
You slash the orc wizard!
You kill the orc wizard!
You hit the worm but do no damage. The worm bites you.
You die...

.....†.........#####.
###.....######.......
#..†##.######....#..
##.).##.:).....#....
..)).....).###...# .
..))######.#)..###
#.. ....#
#)).....###...# .$.##
#............# ....#
#...#...)@.##..
.....#...###..(w..#
.......## ##........#
....$.## #.......##
......# #.[.....#
.....## #....#..#
....## #....#...#
..... #....#.#.#


You could see a worm (unable to see you).

Vanquished Creatures
  2 orc wizards (D:3)
  Robin (D:2)
  A dart slug (D:2)
  3 worms
  9 orcs (D:3)
  6 endoplasms
  A giant cockroach (D:3)
  12 goblins
  8 hobgoblins
  4 jackals (D:2)
  3 quokkas
  5 ball pythons
  3 bats
  2 frilled lizards
  3 kobolds (D:1)
  2 rats
65 creatures vanquished.

Notes
Turn   | Place    | Note
-------+----------+-------------------------------------------
     0 | D:1      | lonewolfV2 the Minotaur Fighter began the quest for the
                  | Orb.
     0 | D:1      | Reached XP level 1. HP: 19/19 MP: 0/0
    41 | D:1      | You fall into a shaft and drop 1 floor!
   355 | D:1      | Reached skill level 4 in Fighting
   444 | D:1      | Reached XP level 2. HP: 28/28 MP: 1/1
  1078 | D:2      | Reached skill level 5 in Fighting
  1128 | D:2      | Reached XP level 3. HP: 36/36 MP: 2/2
  1142 | D:2      | Noticed Robin
  1152 | D:2      | Killed Robin
  1370 | D:2      | Found a basalt altar of Yredelemnul.
  1405 | D:3      | Reached skill level 6 in Fighting
  1405 | D:3      | Reached XP level 4. HP: 44/44 MP: 3/3
  1536 | D:3      | HP: 1/45 [worm (5)]
  1537 | D:3      | Slain by a worm

Illustrated notes

Levels and vault maps discovered:
D:1:      dpeg_arrival_arbitrary_a, layout_basic
D:2:      layout_rooms, basic_altar, nicolae_wormholes, uniq_robin
D:3:      layout_rooms

Skill      XL: |  1  2  3 |
---------------+----------+-----
Fighting       | 4 5 6 |  6.7
Axes           | |  2.4
Armour         | |  3.6
Shields        | |  3.6

Action                     |  1- 3 |  4- 6 || total
---------------------------+-------+-------++-------
  Melee: War axe           |    61 |    33 ||    94
         Headbutt          |    12 |     5 ||    17
    Use: Scroll            |     4 |       ||     4
         Potion            |       |     1 ||     1
 Armour: Scale mail        |    44 |    28 ||    72
  Dodge: Dodged            |    49 |    27 ||    76
  Block: Buckler           |    30 |    16 ||    46
